Map: Moonlight Madness LE (Void)

Players

Mowgli

  • Race: Zerg Zerg
  • League: Grandmaster

IIIIIIIIIIII - Winner!

  • Race: Zerg Zerg
  • League: Master

Event: Lycan League Weekly August #1

VOD

Have the link to the VOD?

Description

Time

  • Played on: Aug. 3, 2015, 12:22 p.m.
  • Length: 3:20

All games in this series

Show
View Real Time Build Order
Export as new Build Order

Mowgli Zerg 

Build Orders: Pool First 

Get SALT Encoding   

  12  0:02  Drone  
  13  0:12  Overlord  
  13  0:20  Drone  
  14  0:30  Drone x2  
  14  0:34  Drone  
  17  0:45  Spawning Pool  
  17  0:47  Extractor  
  15  0:50  Drone  
  15  0:57  Drone  
  17  1:07  Overlord  
  17  1:19  Drone  
  18  1:33  Hatchery  
  18  1:38  Queen  
  19  1:48  Metabolic Boost  
  19  1:50  Zergling x2  
  19  1:53  Zergling x2  
  21  1:59  Drone  
  23  2:01  Drone  
  23  2:12  Drone  
  24  2:22  Overlord  
  24  2:26  Baneling Nest  
  23  2:33  Drone  
  24  2:44  Drone  
  25  2:48  Drone  
  25  2:49  Drone x2  
  30  2:54  Zergling x4  
Show
View Real Time Build Order
Export as new Build Order

IIIIIIIIIIII Zerg - Winner!

Build Orders: Hatch First 

Get SALT Encoding   

  12  0:01  Drone  
  13  0:14  Overlord  
  13  0:19  Drone  
  14  0:34  Drone x2  
  16  0:40  Drone  
  17  0:57  Hatchery  
  16  1:06  Extractor  
  15  1:14  Spawning Pool  
  15  1:15  Drone  
  15  1:19  Drone  
  16  1:30  Drone  
  18  1:40  Drone  
  18  1:46  Overlord  
  18  2:02  Baneling Nest  
  18  2:03  Queen  
  18  2:04  Spine Crawler  
  18  2:09  Zergling x2  
  18  2:11  Zergling x2  
  20  2:28  Zergling x2  
  20  2:29  Zergling x2  
  22  2:33  Zergling x2  
  23  2:38  Zergling x2  
  24  2:49  Zergling x6  
  27  2:53  Baneling x2  
  27  2:54  Baneling  
  27  3:03  Drone x2  
  27  3:05  Drone  

Tags
 
Add a new tag
Caveats
  • Supply blocks, unpowered buildings, or Contaminate may cause inaccurate times.
  • Supply counts are checked every 10 seconds.